 Dungeon Sprint DCSS version 0.16.2-12-gd0ad4c3 (webtiles) character file.

14056 Ponchio the Eclecticist (level 11, -7/54 HPs)
             Began as a Deep Elf Fire Elementalist on Sept 23, 2015.
             Was the Champion of Vehumet.
             Killed by the air
             ... invoked by a blizzard demon
              (16 damage)
             ... in the Dungeon (Sprint V: "Ziggurat Sprint").
             The game lasted 00:34:31 (1741 turns).

Ponchio the Eclecticist (DEFE)                      Turns: 1741, Time: 00:34:31

Health: -7/54      AC: 10    Str:  8    XL:     11   Next: 83%
Magic:  20/43      EV: 26    Int: 38    God:    Vehumet [******]
Gold:   0          SH:  0    Dex: 19    Spells: 6 memorised, 20 levels left

rFire  + . .     SeeInvis .     J - +6 Majin-Bo {vamp, Archmagi MP+6 Int+6}
rCold  . . .     Clarity  .     a - +0 robe
rNeg   . . .     SustAb   +     (no shield)
rPois  +         Gourm    .     (no helmet)
rElec  .         Spirit   .     n - +2 cloak {rPois}
rCorr  .         Warding  .     N - +1 pair of gloves {Str+3}
rMut   .         NoTele   +     V - +2 pair of boots {Stlth+}
MR     +....                    (no amulet)
Stlth  ++........               B - +6 ring of intelligence
                                t - ring of Yfik {SustAb rPois rF+ Int+2 Dex+4 Stlth-}

@: very slightly contaminated, hasted, repel missiles, very quick, somewhat
resistant to hostile enchantments, unstealthy
A: no striking features
a: Renounce Religion


You were in the Dungeon.
You worshipped Vehumet.
Vehumet was exalted by your worship.
You were not hungry.

You visited 1 branch

Inventory:

Hand weapons
 J - the +6 Majin-Bo (weapon) {vamp, Archmagi MP+6 Int+6}
   (You found it in the Dungeon)

   It inflicts no extra harm, but heals its wielder somewhat when it strikes a
   living foe.
   It affects your intelligence (+6).
   It affects your magic capacity (+6).
Armour
 a - a +0 robe (worn)
 n - a +2 cloak of poison resistance (worn)
 N - a +1 pair of gloves of strength (worn)
 V - a +2 pair of boots of stealth (worn)
Jewellery
 t - the ring of Yfik (left hand) {SustAb rPois rF+ Int+2 Dex+4 Stlth-}
   (You found it in the Dungeon)

   [ring of sustain abilities]

   It sustains your strength, intelligence and dexterity.
   It affects your intelligence (+2).
   It affects your dexterity (+4).
   It protects you from fire.
   It protects you from poison.
   It makes you less stealthy.
 y - a +6 ring of dexterity
 A - a +6 ring of dexterity
 B - a +6 ring of intelligence (right hand)
 C - a +6 ring of intelligence
 D - a +6 ring of strength
 E - a +6 ring of strength
 P - the amulet of Rouloa {Ward rN+ Str-3 Int+4}
   (You found it in the Dungeon)

   [amulet of warding]

   It may prevent the melee attacks of summoned creatures.
   It affects your strength (-3).
   It affects your intelligence (+4).
   It protects you from negative energy.
Magical devices
 F - a wand of disintegration (3)
 G - a wand of fire (5)
 H - a wand of cold (5)
 I - a wand of draining (2)
Scrolls
 i - 4 scrolls of blinking
 q - 4 scrolls of amnesia
 r - 3 scrolls of recharging
 s - 7 scrolls of fog
 u - 5 scrolls of identify
 v - 5 scrolls of remove curse
 w - 2 scrolls of fear
Potions
 d - 10 potions of curing
 e - 3 potions of heal wounds
 f - 3 potions of haste
 g - 7 potions of magic
 h - 3 potions of berserk rage
 j - 2 potions of brilliance
 k - 2 potions of invisibility
 l - 2 potions of restore abilities
 m - 4 potions of resistance
 o - 5 potions of agility
 p - 6 potions of might
Books
 b - a book of Flames

   Spells                             Type                      Level
   a - Flame Tongue                   Conjuration/Fire             1
   b - Throw Flame                    Conjuration/Fire             2
   c - Conjure Flame                  Conjuration/Fire             3
   d - Inner Flame                    Hexes/Fire                   3
   e - Sticky Flame                   Conjuration/Fire             4
   f - Fireball                       Conjuration/Fire             5
 K - Liejex's Collected Works on Poisonous Dislocation
   (You found it in the Dungeon)

   Spells                             Type                      Level
   a - Shroud of Golubria             Charms/Translocation         2
   b - Cure Poison                    Poison                       2
   c - Mephitic Cloud                 Conjuration/Poison/Air       3
   d - Recall                         Summoning/Translocation      3
   e - Portal Projectile              Translocation                3
   f - Venom Bolt                     Conjuration/Poison           5
 M - the Grimoire of Glacial Conjuration
   (You found it in the Dungeon)

   Spells                             Type                      Level
   a - Throw Frost                    Conjuration/Ice              2
   b - Throw Icicle                   Conjuration/Ice              4
   c - Bolt of Cold                   Conjuration/Ice              6
 O - a book of Fire

   Spells                             Type                      Level
   a - Ignite Poison                  Fire/Transmutation           5
   b - Fireball                       Conjuration/Fire             5
   c - Bolt of Fire                   Conjuration/Fire             6
   d - Delayed Fireball               Conjuration/Fire             7
   e - Ring of Flames                 Charms/Fire                  7
 Q - a book of Transfigurations

   Spells                             Type                      Level
   a - Stoneskin                      Transmutation/Earth          2
   b - Irradiate                      Conjuration/Transmutation    5
   c - Statue Form                    Transmutation/Earth          6
   d - Hydra Form                     Transmutation                6
   e - Dragon Form                    Transmutation                7
 R - a book of the Tempests

   Spells                             Type                      Level
   a - Static Discharge               Conjuration/Air              3
   b - Lightning Bolt                 Conjuration/Air              5
   c - Fireball                       Conjuration/Fire             5
   d - Tornado                        Air                          9
   e - Shatter                        Earth                        9
 S - the Grimoire of Air
   (You found it in the Dungeon)

   Spells                             Type                      Level
   a - Shock                          Conjuration/Air              1
   b - Repel Missiles                 Charms/Air                   2
   c - Flight                         Charms/Air                   3
   d - Conjure Ball Lightning         Conjuration/Air              6
Miscellaneous
 L - 4 phantom mirrors
 T - a stone of tremors (inert)
 U - a lamp of fire
Comestibles
 c - 5 bread rations
 x - 35 fruits
 z - 4 meat rations


   Skills:
 - Level 15.6 Dodging
 - Level 2.4 Stealth
 - Level 17.2 Spellcasting
 - Level 14.7 Conjurations
 - Level 3.2 Fire Magic
 - Level 3.4 Ice Magic
 * Level 16.2 Air Magic
 - Level 8.8 Evocations


You had 20 spell levels left.
You knew the following spells:

 Your Spells              Type           Power        Failure   Level  Hunger
a - Flame Tongue          Conj/Fire      #####        1%          1    None
b - Fireball              Conj/Fire      ########..   1%          5    None
c - Bolt of Cold          Conj/Ice       ########..   1%          6    None
d - Mephitic Cloud        Conj/Pois/Air  ########     1%          3    None
e - Repel Missiles        Chrm/Air       ######       1%          2    None
f - Orb of Destruction    Conj           ########..   1%          7    ##.....


Dungeon Overview and Level Annotations

Branches:
Dungeon (1/1)

Altars:
Ashenzari
Cheibriados
Dithmenos
Elyvilon
Fedhas
Gozag
Kikubaaqudgha
Makhleb
Nemelex Xobeh
Okawaru
Qazlal
Ru
Sif Muna
Trog
Vehumet
Xom
Yredelemnul
Zin
The Shining One
Beogh
Jiyva
Lugonu


Message History

You kill the orange demon!
Vehumet accepts your kill.
You feel your power returning.
The fireball engulfs the balrug.
The balrug completely resists.
Evoke which item? (* to show all) (? for menu, Esc to quit)
The dungeon trembles and rubble falls from the walls!
The falling rubble hits the balrug.
The balrug is almost dead.
The falling rubble misses the ufetubus.
The rubble rises up and takes form.
Found the +3 leather armour of Grot {Int-5 Dex+2 Slay+6}.
The balrug gestures at you.
The sticky flame is repelled.
The balrug gestures at you.
The bolt of fire hits the ufetubus.
The ufetubus is burned terribly!
The ufetubus dies!
The bolt of fire hits you! You resist.
* * * LOW HITPOINT WARNING * * *
The blizzard demon waves its arms in wide circles.
The air twists around and strikes you!
You die... [=))

▓...8©8.. .........
▓..)}[.=.
...........▓..)=[...
..........▓.....)..
..43435. ▓........ ▓
.6.2.▓ ▓........ ▓.
▓▓...▓▓ ▓........
▓..▓.2.2.▓..▓.▓.....▓
▓...@.2.....▓........
▓▓▓▓▓▓▓▓▓▓▓▓▓▓▓▓▓▓▓▓▓
▓...8©8...▓.(.8©8...▓
▓..|})..).▓..\))§)..▓
▓..|.[[[..▓.DDE:§=..▓
▓.........▓98CD..§..▓
▓.........▓..8......▓
▓.........▓..9E.....▓
▓.........▓.........▓


You could see a putrid chaos champion, 2 balrugs, a blizzard demon, a shadow
demon, a hellwing, a ynoxinul, a chaos spawn, a red devil and an ufetubus.

Vanquished Creatures
  An Executioner (D)
  A shadow dragon (D)
  A deep elf demonologist (D)
  A soul eater (D)
  2 deep elf knights (D)
  A hill giant (D)
  2 deep elf summoners (D)
  2 deep elf conjurers (D)
  3 cyclopes (D)
  An orange demon (D)
  2 yaktaurs (D)
  A jumping spider (D)
  2 trolls (D)
  A deep elf mage (D)
  4 two-headed ogres (D)
  A redback (D)
  A ynoxinul (D)
  3 spriggans (D)
  A yak (D)
  2 deep elf fighters (D)
  2 wolves (D)
  2 porcupines (D)
  An eye of draining (D)
  3 black bears (D)
  3 ogres (D)
  2 centaurs (D)
  5 scorpions (D)
  3 jellies (D)
  A sheep (D)
  2 giant mites (D)
  3 spectral adders (D)
  An ooze (D)
  A spectral bat (D)
  A bat skeleton (D)
  2 bat zombies (D)
  A giant cockroach zombie (D)
  A spectral giant gecko (D)
  A fungus (D)
68 creatures vanquished.

Vanquished Creatures (others)
  An ufetubus (D)
1 creature vanquished.

Grand Total: 69 creatures vanquished

Notes
Turn   | Place    | Note
--------------------------------------------------------------
     0 | D        | Ponchio, the Deep Elf Fire Elementalist, began the quest for the Orb.
     0 | D        | Reached XP level 1. HP: 10/10 MP: 5/5
     0 | D        | Found a viscous altar of Jiyva.
     0 | D        | Found a corrupted altar of Lugonu.
     0 | D        | Found a white marble altar of Elyvilon.
     1 | D        | Found a burning altar of Makhleb.
     1 | D        | Found an iron altar of Okawaru.
     3 | D        | Found a sparkling altar of Nemelex Xobeh.
     3 | D        | Found a basalt altar of Yredelemnul.
     3 | D        | Found a deep blue altar of Sif Muna.
     3 | D        | Found a radiant altar of Vehumet.
     7 | D        | Found a bloodstained altar of Trog.
    24 | D        | Found a shimmering altar of Xom.
    32 | D        | Became a worshipper of Vehumet
    42 | D        | Reached skill level 8 in Evocations
    42 | D        | Reached XP level 2. HP: 15/15 MP: 6/8
    97 | D        | Entered arena 1.
    97 | D        | Noticed a deep elf knight
   102 | D        | Killed a deep elf knight
   102 | D        | Reached skill level 9 in Dodging
   102 | D        | Reached skill level 10 in Spellcasting
   102 | D        | Reached XP level 3. HP: 13/19 MP: 15/20
   102 | D        | Reached XP level 4. HP: 16/24 MP: 16/23
   102 | D        | Reached XP level 5. HP: 18/28 MP: 17/25
   102 | D        | Reached XP level 6. HP: 20/32 MP: 17/26
   102 | D        | Reached XP level 7. HP: 22/36 MP: 18/28
   224 | D        | Learned a level 5 spell: Fireball
   240 | D        | Entered arena 2.
   240 | D        | Noticed a scorpion
   240 | D        | Noticed a scorpion
   241 | D        | Killed a scorpion
   241 | D        | Reached skill level 10 in Dodging
   241 | D        | Acquired Vehumet's first power
   241 | D        | Offered knowledge of Shock by Vehumet.
   242 | D        | Killed a scorpion
   242 | D        | Reached skill level 11 in Spellcasting
   329 | D        | Entered arena 3.
   329 | D        | Noticed a yak
   329 | D        | Noticed a porcupine
   329 | D        | Noticed a porcupine
   332 | D        | Killed a porcupine
   332 | D        | Killed a yak
   332 | D        | Reached skill level 10 in Conjurations
   332 | D        | Killed a porcupine
   332 | D        | Reached skill level 12 in Spellcasting
   332 | D        | Reached XP level 8. HP: 29/41 MP: 22/30
   404 | D        | Identified Liejex's Collected Works on Poisonous Dislocation (You found it in the Dungeon)
   469 | D        | Entered arena 4.
   469 | D        | Noticed a troll
   469 | D        | Noticed an ogre
   469 | D        | Noticed a two-headed ogre
   469 | D        | Noticed an ogre
   470 | D        | Killed a two-headed ogre
   470 | D        | Offered knowledge of Throw Frost by Vehumet.
   470 | D        | Killed an ogre
   471 | D        | Killed an ogre
   471 | D        | Acquired Vehumet's second power
   471 | D        | Killed a troll
   471 | D        | Reached skill level 13 in Spellcasting
   556 | D        | Entered arena 5.
   556 | D        | Noticed an eye of draining
   556 | D        | Noticed a jelly
   556 | D        | Noticed a jelly
   556 | D        | Noticed a jelly
   557 | D        | Killed a jelly
   557 | D        | Killed a jelly
   557 | D        | Acquired Vehumet's third power
   558 | D        | Killed a jelly
   561 | D        | Killed an eye of draining
   568 | D        | Identified the Grimoire of Glacial Conjuration (You found it in the Dungeon)
   570 | D        | Got the +2 ring mail of Alohigai {Int+3 Stlth+}
   600 | D        | Learned a level 6 spell: Bolt of Cold
   751 | D        | Entered arena 6.
   751 | D        | Noticed a scorpion
   751 | D        | Noticed a scorpion
   751 | D        | Noticed a jumping spider
   751 | D        | Noticed a scorpion
   751 | D        | Noticed a redback
   752 | D        | Offered knowledge of Searing Ray by Vehumet.
   752 | D        | Killed a scorpion
   752 | D        | Killed a scorpion
   752 | D        | Reached skill level 1 in Ice Magic
   752 | D        | Killed a redback
   752 | D        | Reached XP level 9. HP: 45/45 MP: 32/32
   753 | D        | Killed a jumping spider
   753 | D        | Reached skill level 14 in Spellcasting
   754 | D        | Killed a scorpion
   859 | D        | Entered arena 7.
   859 | D        | Noticed a cyclops
   859 | D        | Noticed a yaktaur
   859 | D        | Noticed a yaktaur
   859 | D        | Noticed a centaur
   859 | D        | Noticed a centaur
   859 | D        | Noticed a cyclops
   860 | D        | Killed a centaur
   861 | D        | Killed a yaktaur
   861 | D        | Killed a cyclops
   861 | D        | Reached skill level 15 in Spellcasting
   862 | D        | Killed a cyclops
   862 | D        | Killed a centaur
   862 | D        | Killed a yaktaur
   875 | D        | Got the amulet of Rouloa {Ward rN+ Str-3 Int+4}
   987 | D        | Entered arena 8.
   987 | D        | Noticed a two-headed ogre
   987 | D        | Noticed a two-headed ogre
   987 | D        | Noticed a cyclops
   987 | D        | Noticed a hill giant
   987 | D        | Noticed a two-headed ogre
   987 | D        | Noticed an ogre
   987 | D        | Noticed a troll
   988 | D        | Killed a two-headed ogre
   988 | D        | Offered knowledge of Force Lance by Vehumet.
   989 | D        | Killed a two-headed ogre
   989 | D        | Reached skill level 16 in Spellcasting
   989 | D        | Reached XP level 10. HP: 44/50 MP: 35/35
   989 | D        | Killed an ogre
   989 | D        | Killed a cyclops
   989 | D        | Reached skill level 15 in Dodging
   989 | D        | Killed a troll
   990 | D        | Killed a two-headed ogre
   993 | D        | Killed a hill giant
  1209 | D        | Learned a level 3 spell: Mephitic Cloud
  1209 | D        | Entered arena 9.
  1209 | D        | Noticed a spriggan
  1209 | D        | Noticed a spriggan
  1209 | D        | Noticed a black bear
  1209 | D        | Noticed a wolf
  1209 | D        | Noticed a spriggan
  1209 | D        | Noticed a black bear
  1209 | D        | Noticed a wolf
  1209 | D        | Noticed a black bear
  1211 | D        | Killed a spriggan
  1211 | D        | Offered knowledge of Bolt of Magma by Vehumet.
  1211 | D        | Reached skill level 1 in Air Magic
  1211 | D        | Killed a wolf
  1211 | D        | Reached skill level 17 in Spellcasting
  1211 | D        | Killed a black bear
  1212 | D        | Killed a black bear
  1212 | D        | Killed a spriggan
  1212 | D        | Killed a spriggan
  1212 | D        | Killed a wolf
  1212 | D        | Killed a black bear
  1236 | D        | Identified the Grimoire of Air (You found it in the Dungeon)
  1243 | D        | Learned a level 2 spell: Repel Missiles
  1303 | D        | Entered arena 10.
  1303 | D        | Noticed a deep elf conjurer
  1303 | D        | Noticed a deep elf fighter
  1303 | D        | Noticed a deep elf knight
  1303 | D        | Noticed a deep elf conjurer
  1303 | D        | Noticed a deep elf fighter
  1303 | D        | Noticed a deep elf summoner
  1303 | D        | Noticed a deep elf mage
  1303 | D        | Noticed a deep elf summoner
  1303 | D        | Noticed a deep elf demonologist
  1305 | D        | Noticed a balrug
  1306 | D        | Killed a deep elf summoner
  1306 | D        | Killed a deep elf mage
  1307 | D        | Killed a deep elf conjurer
  1307 | D        | Killed a deep elf demonologist
  1307 | D        | Reached skill level 10 in Air Magic
  1307 | D        | Reached XP level 11. HP: 38/54 MP: 33/37
  1308 | D        | Killed a deep elf knight
  1308 | D        | Killed a deep elf fighter
  1308 | D        | Killed a deep elf conjurer
  1309 | D        | Killed a deep elf summoner
  1310 | D        | Killed a deep elf fighter
  1543 | D        | Identified Zuthruat's Incunabulum of Confrontation (You found it in the Dungeon)
  1555 | D        | Entered arena 11.
  1555 | D        | Noticed an iron dragon
  1555 | D        | Noticed a gargoyle
  1555 | D        | Noticed an earth elemental
  1555 | D        | Noticed an iron golem
  1555 | D        | Noticed a gargoyle
  1555 | D        | Noticed a stone giant
  1555 | D        | Noticed an iron golem
  1555 | D        | Noticed an earth elemental
  1556 | D        | Noticed an iron dragon
  1556 | D        | Noticed an iron dragon
  1571 | D        | Entered arena 12.
  1571 | D        | Noticed a shadow dragon
  1571 | D        | Noticed a soul eater
  1574 | D        | Offered knowledge of Orb of Destruction by Vehumet.
  1576 | D        | Killed a soul eater
  1588 | D        | Killed a shadow dragon
  1596 | D        | Got the ring of Yfik {SustAb rPois rF+ Int+2 Dex+4 Stlth-}
  1730 | D        | Learned a level 7 spell: Orb of Destruction
  1730 | D        | Entered arena 13.
  1730 | D        | Noticed a blizzard demon
  1730 | D        | Noticed an Executioner
  1730 | D        | Noticed a ynoxinul
  1731 | D        | Noticed an orange demon
  1731 | D        | Noticed a chaos spawn
  1732 | D        | Noticed a ynoxinul
  1732 | D        | Noticed a red devil
  1732 | D        | Noticed a balrug
  1732 | D        | HP: 1/54 [Executioner/nerve-wracking pain (12)]
  1733 | D        | Noticed a balrug
  1733 | D        | Noticed a putrid chaos champion
  1733 | D        | Noticed a hellwing
  1734 | D        | Noticed a shadow demon
  1734 | D        | Killed an Executioner
  1734 | D        | Offered knowledge of Airstrike by Vehumet.
  1734 | D        | Reached skill level 15 in Air Magic
  1737 | D        | Killed a ynoxinul
  1738 | D        | Killed an orange demon
  1741 | D        | Killed from afar by a blizzard demon

Action                   |  1- 3 |  4- 6 |  7- 9 | 10-12 || total
-------------------------+-------+-------+-------+-------++-------
Melee: Quarterstaff      |       |       |     8 |       ||     8
 Cast: Fireball          |       |       |    18 |    19 ||    37
       Bolt of Cold      |       |       |       |     5 ||     5
       Mephitic Cloud    |       |       |       |     2 ||     2
       Repel Missiles    |       |       |       |     1 ||     1
       Orb of Destructio |       |       |       |     2 ||     2
Evoke: Wand              |     4 |       |     1 |     2 ||     7
       Stone of tremors  |       |       |       |     1 ||     1
  Use: Potion            |     1 |       |       |    10 ||    11
       Scroll            |       |       |     1 |     1 ||     2
  Eat: Fruit             |     2 |       |     2 |     3 ||     7
       Chunk             |       |       |     2 |       ||     2
